 Dungeon Crawl Stone Soup version 0.23.2-40-g277498a001 (webtiles) character file.

Game seed: 17029817973787100596

311 KamiKatze the Spear-Bearer (level 6, 0/51 HPs)
             Began as a Merfolk Berserker on Oct 16, 2019.
             Was a Priest of Trog.
             Killed from afar by an orc wizard (8 damage)
             ... with a magic dart
             ... while paralysed
             ... on level 4 of the Dungeon.
             The game lasted 00:08:26 (2902 turns).

KamiKatze the Spear-Bearer (Merfolk Berserker)      Turns: 2902, Time: 00:08:27

Health: 0/51       AC:  5    Str: 20    XL:     6   Next: 42%
Magic:  6/6        EV:  2    Int:  6    God:    Trog [***...]
Gold:   178        SH:  0    Dex: 13    Spells: 5/5 levels left

rFire    . . .     SeeInvis .   a - +0 spear
rCold    . . .     Gourm    .   (no shield)
rNeg     + . .     Faith    .   u - +0 ring mail {rN+}
rPois    .         Spirit   .   (no helmet)
rElec    .         Reflect  .   (no cloak)
rCorr    .         Harm     .   (no gloves)
MR       +....                  (no boots)
Stlth    +.........             f - amulet of regeneration
HPRegen  0.57/turn              r - ring of protection from magic
MPRegen  0.10/turn              (no ring)

@: paralysed, berserk cooldown, slowed
A: change form in water, swift swim, stealthy swim
a: Berserk, Trog's Hand, Renounce Religion


You were on level 4 of the Dungeon.
You worshipped Trog.
Trog was most pleased with you.
You were near starving.

You visited 1 branch of the dungeon, and saw 4 of its levels.

You collected 178 gold pieces.

Inventory:

Hand Weapons
 a - a +0 spear (weapon)
 p - the +5 whip "Qujy" {slash, rF+++ rN+ Int-3 Dex-3, unknown}
   (You found it on level 4 of the Dungeon)

   It inflicts extra damage upon your enemies.
   It affects your intelligence (-3).
   It affects your dexterity (-3).
   It renders you almost immune to fire.
   It protects you from negative energy.
Missiles
 e - 4 tomahawks (quivered)
 g - 70 stones
 l - 20 poisoned needles
Armour
 q - a +0 chain mail
 u - a +0 ring mail of positive energy (worn)
Jewellery
 f - an amulet of regeneration (around neck)
 r - a ring of protection from magic (left hand)
Scrolls
 h - 3 scrolls of identify
 i - a scroll of amnesia {unknown}
 j - a scroll of fog {unknown}
 k - a scroll of immolation {unknown}
 n - 4 scrolls of teleportation {unknown}
 s - a scroll of noise {unknown}
 t - a scroll of enchant armour {unknown}
 v - 2 scrolls of enchant weapon {unknown}
 w - a scroll of remove curse {unknown}
Potions
 b - 2 potions of mutation
 d - 2 potions of curing
 m - a potion of flight
Comestibles
 c - 4 rations
 x - 5 chunks of flesh


   Skills:
 + Level 5.1 Fighting
 * Level 8.6 Polearms
 - Level 1.3 Armour
 - Level 2.6 Dodging


You had 5 spell levels left.
You didn't know any spells.
Your spell library was empty.

Dungeon Overview and Level Annotations

Branches:
Dungeon (4/15)
 Temple: D:4-7

Altars:
Cheibriados
Ru
Wu Jian


Message History

You kill the gnoll!
Trog accepts your kill.
You hear some strange, mumbled words.
A magic dart appears from out of thin air!
The magic dart hits you.
* * * LOW HITPOINT WARNING * * *
You puncture the gnoll!
The gnoll is severely wounded.
The gnoll misses you.
You puncture the gnoll!
You kill the gnoll!
Trog accepts your kill.
Trog will now gift you ammunition as you gain piety.
You are no longer berserk.
You pass out from exhaustion.
You feel yourself slow down.
You hear some strange, mumbled words.
A magic dart appears from out of thin air!
The magic dart hits you!
You die...

+######+## .%.#
.........###...##
.........#.......
.........#.......
.........#og...
.........#...
........{#'#######
......))@).......#
.........).......########
.................#.......
##...............#.......
#...............#.......
#...............#.......
#...............+.......
#...............######..
########+####'##...##..


There were no monsters in sight!

Vanquished Creatures
  A bullfrog (D:3)
  3 orc wizards
  4 gnolls (D:4)
  5 adders
  An adder skeleton (D:4)
  A worm (D:2)
  3 dart slugs
  2 leopard geckos (D:1)
  6 orcs
  2 ball pythons
  11 bats
  5 giant cockroaches
  5 goblins
  5 hobgoblins
  4 jackals (D:3)
  4 frilled lizards
  9 kobolds
  5 rats
76 creatures vanquished.

Notes
Turn   | Place    | Note
-------+----------+-------------------------------------------
     0 | D:1      | KamiKatze the Merfolk Berserker began the quest for the
                  | Orb.
     0 | D:1      | Reached XP level 1. HP: 18/18 MP: 1/1
   188 | D:1      | Reached XP level 2. HP: 21/24 MP: 2/2
   192 | D:1      | Reached skill level 5 in Polearms
   387 | D:1      | Reached XP level 3. HP: 25/30 MP: 3/3
   789 | D:2      | Found a sacrificial altar of Ru.
   832 | D:2      | Reached skill level 6 in Polearms
  1092 | D:2      | Reached ** piety under Trog
  1115 | D:2      | Found a snail-covered altar of Cheibriados.
  1125 | D:2      | Reached XP level 4. HP: 37/37 MP: 4/4
  1292 | D:2      | Found an ornate altar of the Wu Jian Council.
  1758 | D:3      | Reached skill level 7 in Polearms
  1896 | D:3      | Reached XP level 5. HP: 41/43 MP: 5/5
  2656 | D:4      | Got a slimy whip
  2771 | D:4      | Reached skill level 8 in Polearms
  2886 | D:4      | Reached XP level 6. HP: 35/50 MP: 6/6
  2888 | D:4      | Reached skill level 5 in Fighting
  2902 | D:4      | Reached *** piety under Trog
  2902 | D:4      | Killed from afar by an orc wizard

Skill      XL: |  1  2  3  4  5  6 |
---------------+-------------------+-----
Polearms       | 5 6 7 8 |  8.6
Fighting       | 4 5 |  5.1
Armour         | |  1.3
Dodging        | |  2.6

Action                   |  1- 3 |  4- 6 || total
-------------------------+-------+-------++-------
Melee: Spear             |   110 |   229 ||   339
       Tailslap          |     1 |       ||     1
Invok: Berserk           |       |     1 ||     1
       Trog's Hand       |       |     1 ||     1
  Use: Scroll            |     1 |     3 ||     4
       Potion            |       |     1 ||     1
 Stab: Sleeping          |     2 |       ||     2
  Eat: Chunk             |     1 |     5 ||     6
Armor: Animal skin       |    27 |       ||    27
       Ring mail         |       |    55 ||    55
Dodge: Dodged            |    48 |   112 ||   160
